 Dungeon Crawl Stone Soup version 0.31.0-11-ge490571c62 (webtiles) character file.

Game seed: 5310771801455956298

426 browni3141 the Chopper (level 6, -1/56 HPs)
             Began as a Minotaur Fighter on Jan 28, 2024.
             Slain by a lemure (5 damage)
             ... led by Pikel
             ... on level 5 of the Dungeon.
             The game lasted 00:01:48 (2977 turns).

browni3141 the Chopper (Minotaur Fighter)           Turns: 2977, Time: 00:01:49

Health: -1/56      AC: 19    Str: 23    XL:     6   Next: 64%
Magic:  5/5        EV:  8    Int:  7    God:
Gold:   136        SH:  0    Dex: 15    Spells: 5/5 levels left

rFire   . . .        x - +0 executioner's axe
rCold   . . .        (shield currently unavailable)
rNeg    . . .        E - +5 chain mail of Defiance {Int+2}
rPois   .            (helmet restricted)
rElec   .            G - +0 cloak
rCorr   .            F - +1 pair of gloves
SInv    .            H - +0 pair of boots
Will    .....        m - amulet of the acrobat Stlth
                     e - +6 ring of dexterity
HPRegen 0.29/turn    (no ring)
MPRegen 0.09/turn

%: acrobat
@: mighty
A: horns 2, retaliatory headbutt
a: no special abilities


You were on level 5 of the Dungeon.
You visited 1 branch of the dungeon, and saw 5 of its levels.

You collected 190 gold pieces.
You spent 54 gold pieces at shops.

Inventory:

Hand Weapons
 a - a +0 war axe
 x - a +0 executioner's axe (weapon)
Missiles
 u - 2 boomerangs (quivered)
Armour
 b - a +0 scale mail
 c - a +0 buckler
 l - a +0 chain mail
 p - a +0 pair of gloves
 E - the +5 chain mail of Defiance (worn) {Int+2}
   (You found it on level 4 of the Dungeon)

   Int+2:     It affects your intelligence (+2).
 F - a +1 pair of gloves (worn)
 G - a +0 cloak (worn)
 H - a +0 pair of boots (worn)
Jewellery
 e - a +6 ring of dexterity (left hand)
 m - an amulet of the acrobat (around neck)
 A - a ring of protection from cold
Wands
 y - a wand of light (3)
Scrolls
 f - 6 scrolls of identify {unknown}
 g - 3 scrolls of teleportation {unknown}
 i - a scroll of enchant armour {unknown}
 k - 3 scrolls of poison {unknown}
 n - 2 scrolls of immolation {unknown}
 q - a scroll of silence {unknown}
 t - a scroll of fog {unknown}
 C - a scroll of butterflies {unknown}
Potions
 h - 2 potions of degeneration {unknown}
 j - a potion of ambrosia {unknown}
 o - 2 potions of invisibility {unknown}
 r - a potion of resistance {unknown}
 s - a potion of mutation {unknown}
 v - 2 potions of attraction {unknown}
 w - a potion of curing {unknown}
 z - a potion of cancellation {unknown}
 B - a potion of haste {unknown}
 D - a potion of heal wounds {unknown}


   Skills:
 + Level 5.3 Fighting
 * Level 6.0 Axes
 + Level 5.3 Armour
 - Level 4.4 Shields


You had 5 spell levels left.
You didn't know any spells.
Your spell library contained the following spells:

 Spells                   Type           Power      Damage    Failure   Level
 Apportation              Tloc           0%         N/A       95%         1
 Jinxbite                 Hex            0%         N/A       98%         2
 Alistair's Intoxication  Alch           0%         N/A       100%        5


Dungeon Overview and Level Annotations

Branches:
Dungeon (5/15)
 Temple: D:4-7

Altars:
Dithmenos
Fedhas
Kikubaaqudgha
Nemelex Xobeh
Wu Jian

Shops:
D:1 [

Annotations:
D:5 Pikel


Innate Abilities, Weirdness & Mutations

You have a pair of horns on your head.
You reflexively headbutt those who attack you in melee.


Message History

You kill the quokka!
An orc comes into view. It is wielding a +0 dagger.
Your Fighting skill increases to level 5!
Your Armour skill increases to level 5!
You have reached level 6!
The orc shouts!
You slice the jelly!!
You kill the jelly!
You hear a shout! x2
You see here a black bear corpse.
A centaur comes into view.
The centaur shouts!
You slash the orc!
You kill the orc!
The centaur wields a +0 orcbow.
The centaur shoots an arrow.
The arrow hits you!
The centaur shoots an arrow.
The arrow hits you but does no damage.
You hear a shout!
A lemure comes into view.
The lemure shouts!
The centaur shoots an arrow.
The arrow hits you!
A lemure comes into view. x2
A lemure comes into view.
The centaur shoots an arrow.
The arrow misses you.
Pikel, Merchant of Souls comes into view.
He is wielding a +2 whip of flaming.
Pikel shouts!
The centaur unwields a +0 orcbow.
The centaur barely misses you.
The centaur kicks you but does no damage.
You barely miss the centaur. You headbutt the centaur!
The centaur is moderately wounded.
The centaur hits you. The centaur kicks you. The centaur barely misses you. x2
The lemure completely misses you. The centaur completely misses you. x2
You hit the centaur.
The centaur is heavily wounded.
You closely miss the lemure. The centaur barely misses you.
The centaur closely misses you. The centaur hits you.
The centaur barely misses you. The lemure hits you but does no damage.
You hit the centaur.
The centaur is heavily wounded.
You barely miss the lemure. You hit the lemure. The centaur barely misses you.
The centaur kicks you.
The centaur hits you but does no damage.
The centaur kicks you but does no damage.
The lemure hits you but does no damage. x2
The centaur hits you but does no damage.
The centaur kicks you but does no damage.
You barely miss the centaur. You headbutt the centaur!
You kill the centaur!
You barely miss the lemure. You closely miss the lemure.
The lemure barely misses you.
The lemure hits you but does no damage. x2
The lemure barely misses you.
Your Axes skill increases to level 6!
You closely miss the lemure. Your headbutt misses the lemure.
The lemure is lightly wounded.
You hit Pikel. You barely miss the lemure.
The lemure hits you but does no damage. x2; Pikel hits you but does no damage.
You miss Pikel.
Pikel is lightly wounded.
You barely miss the lemure. You closely miss the lemure.
The lemure hits you but does no damage. x2
Pikel waves his whip at you.
Pikel hits you with a +2 whip of flaming.
Pikel burns you.
Pikel hits you with a +2 whip of flaming!
Pikel burns you. The lemure hits you but does no damage.
The lemure barely misses you.
You barely miss Pikel.
Pikel is lightly wounded.
You slash the lemure! You hit the lemure but do no damage.
The lemure hits you but does no damage. The lemure closely misses you.
Pikel barely misses you. The lemure barely misses you.
The lemure hits you but does no damage.
Pikel hits you with a +2 whip of flaming.
Pikel burns you.
You closely miss the lemure. You headbutt the lemure.
The lemure is severely wounded.
You closely miss the lemure. You barely miss Pikel.
The lemure barely misses you. You furiously retaliate!
You headbutt the lemure. Pikel hits you but does no damage.
The lemure hits you.
You barely miss the lemure.
The lemure is almost dead.
You hit the lemure. You closely miss Pikel.
The lemure hits you but does no damage. x2
Pikel hits you with a +2 whip of flaming.
Pikel burns you. The lemure hits you but does no damage.
Pikel hits you but does no damage. The lemure hits you but does no damage.
Unknown command.
Aiming: Bolt of Light
Press: ? - help, Shift-Dir - straight line, f - Pikel
Aim: Pikel, wielding a +2 whip of flaming and wearing a +0 robe (lightly wounded, 64% to hit)
The bolt of light misses Pikel.
The bolt of light hits the lemure!
The lemure is heavily wounded.
The lemure is blinded.
The lemure hits you but does no damage.
Pikel says, "Antaeus said I was his favorite kobold.
Me!"
Pikel hits you with a +2 whip of flaming.
Pikel burns you. The lemure hits you but does no damage.
You feel very mighty all of a sudden.
An adder comes into view.
The lemure hits you but does no damage. The lemure hits you.
You die...

.##... ..## ..$.. .
...... ..... .. ....
...... ##... ... ....
......##...# .... ...#
.##........## .....
...###...........#5.....
..##............@K5.....
...#...♣♣.♣♣....55.....S
...#....♣.♣.†.)##.......
#.....♣.....♣...#.......
.<##..♣♣...♣♣...........
.###....._..............
......♣♣...♣♣........##.
......♣...$.♣.......##
..##....♣.♣.........#


You could see Pikel, 4 lemures and an adder (wandering).

Vanquished Creatures
  A black bear (D:5)
  A centaur (D:5)
  2 bombardier beetles
  A jelly (D:5)
  An iguana (D:4)
  Robin (D:2)
  4 adders
  2 ribbon worms (D:2)
  3 dart slugs
  An orc (D:5)
  10 endoplasms
  3 giant cockroaches (D:4)
  19 goblins
  4 hobgoblins (D:2)
  4 quokkas
  5 ball pythons
  2 bats
  4 frilled lizards
  5 kobolds
  2 rats
75 creatures vanquished.

Notes
Turn   | Place    | Note
-------+----------+-------------------------------------------
     0 | D:1      | browni3141 the Minotaur Fighter began the quest for the
                  | Orb.
     0 | D:1      | Reached XP level 1. HP: 19/19 MP: 0/0
   298 | D:1      | Reached XP level 2. HP: 25/27 MP: 1/1
   396 | D:1      | Reached skill level 3 in Axes
   418 | D:1      | Found Ykhlid's Armour Shop.
   708 | D:2      | Noticed Robin
   717 | D:2      | Reached XP level 3. HP: 22/33 MP: 2/2
   719 | D:2      | Killed Robin
  1093 | D:2      | Reached XP level 4. HP: 37/40 MP: 3/3
  1688 | D:3      | Reached skill level 4 in Axes
  1835 | D:3      | Found an ancient bone altar of Kikubaaqudgha.
  2073 | D:4      | Found a sparkling altar of Nemelex Xobeh.
  2084 | D:4      | Identified the +5 chain mail of Defiance {Int+2}
  2168 | D:4      | Reached XP level 5. HP: 47/47 MP: 4/4
  2543 | D:4      | Found a shadowy altar of Dithmenos.
  2549 | D:4      | Found an ornate altar of the Wu Jian Council.
  2553 | D:4      | Reached skill level 5 in Axes
  2863 | D:1      | Bought a +0 pair of boots for 54 gold pieces
  2935 | D:5      | Entered Level 5 of the Dungeon
  2950 | D:5      | Found a blossoming altar of Fedhas.
  2954 | D:5      | Noticed a black bear
  2959 | D:5      | Killed a black bear
  2960 | D:5      | Reached skill level 5 in Fighting
  2960 | D:5      | Reached skill level 5 in Armour
  2960 | D:5      | Reached XP level 6. HP: 56/56 MP: 5/5
  2966 | D:5      | Noticed Pikel
  2971 | D:5      | Reached skill level 6 in Axes
  2977 | D:5      | Slain by a lemure

Illustrated notes

Levels and vault maps discovered:
D:1:      wander_arrival_lonely_grave, layout_basic, serial_shops, shop
D:2:      layout_rooms, grunt_decor_one_mirror, uniq_robin
D:3:      layout_loops_corners, mainiacjoe_overflow_six_doors_small,
          minmay_misc_feat_square
D:4:      layout_rooms, amcnicky_altar_gilded, jmf_multi_god_temple2
D:5:      layout_cave_pools, mainiacjoe_overflow_boulevard,
          overflow_temple_1_default, mainiacjoe_overflow_small_starburst,
          kennysheep_generic_room_13, uniq_pikel, uniq_eustachio

Skill      XL: |  1  2  3  4  5  6 |
---------------+-------------------+-----
Axes           | 3 4 5 6 |  6.0
Fighting       | 4 5 |  5.3
Shields        | 4 |  4.4
Armour         | 4 5 |  5.3

Action                     |  1- 3 |  4- 6 || total
---------------------------+-------+-------++-------
  Melee: War axe           |    69 |    25 ||    94
         Headbutt          |     9 |    10 ||    19
         Executioner's axe |       |    31 ||    31
  Evoke: Wand              |       |     1 ||     1
    Use: Potion            |       |     1 ||     1
 Armour: Scale mail        |    21 |       ||    21
         Chain mail        |    36 |    67 ||   103
  Dodge: Dodged            |    33 |    47 ||    80
  Block: Buckler           |    30 |     6 ||    36
